 Dungeon Crawl Stone Soup version 0.29.1-15-g9cfb28693d (console) character file.

Game seed: 8923161271385380175

1474 om the Magician (level 9, -3/60 HPs)
             Began as a Djinni Fire Elementalist on Mar 6, 2023.
             Slain by Maggie
             ... wielding a +0 war axe
              (10 damage)
             ... on level 5 of the Dungeon.
             The game lasted 00:11:59 (6204 turns).

om the Magician (Djinni Fire Elementalist)          Turns: 6204, Time: 00:12:00

Health: -3/60      AC:  2    Str:  7    XL:     9   Next: 6%
Gold:   202        EV: 13    Int: 19    God:
                   SH:  0    Dex: 16

rFire   + + .      SeeInvis .   i - +8 storm bow {elec, penet}
rCold   x . .      Faith    .   (shield currently unavailable)
rNeg    . . .      Spirit   .   a - +0 robe
rPois   ∞          Reflect  .   (no helmet)
rElec   .          Harm     .   (no cloak)
rCorr   .          Rampage  .   (no gloves)
Will    .....                   (boots unavailable)
Stlth   ++........              (no amulet)
HPRegen 0.20/turn               (no ring)
MPRegen 0.00/turn               (no ring)

@: flying
A: sickness immunity, fire resistance 2, cold vulnerability 1, float, innate
caster, HP casting, extra vitality 1
a: no special abilities


You were on level 5 of the Dungeon.
You visited 1 branch of the dungeon, and saw 6 of its levels.

You collected 250 gold pieces.
You spent 48 gold pieces at shops.

Inventory:

Hand Weapons
 h - a +1 dagger of draining
 i - the +8 storm bow (weapon) {elec, penet}
   (You found it on level 2 of the Dungeon)

   Any ammunition fired from it occasionally discharges a powerful burst of
   electricity upon striking a foe.
   Any ammunition fired by it passes through the targets it hits, potentially
   hitting all targets in its path until it reaches maximum range.
Armour
 a - a +0 robe (worn)
Magical Staves
 n - a staff of air
Wands
 b - a wand of mindburst (15)
Scrolls
 c - 3 scrolls of teleportation
 k - a scroll of magic mapping {unknown}
 l - a scroll of summoning {unknown}
 o - 2 scrolls of poison
 s - a scroll of immolation {unknown}
Potions
 d - a potion of curing
 e - a potion of might {unknown}
 f - a potion of magic {unknown}
 j - a potion of attraction {unknown}
 p - a potion of degeneration {unknown}
 r - a potion of heal wounds {unknown}


   Skills:
 - Level 3.0 Fighting
 - Level 0.2 Short Blades
 * Level 4.6 Ranged Weapons
 - Level 3.0 Dodging
 - Level 2.0 Stealth
 + Level 6.5 Spellcasting


You couldn't memorise any spells.
You knew the following spells:

 Your Spells              Type           Power      Damage    Failure   Level
a - Foxfire               Conj/Fire      100%       2x1d9     1%          1
b - Scorch                Fire           60%        2d8       1%          2
c - Conjure Flame         Conj/Fire      30%        6-21      2%          3
d - Inner Flame           Hex/Fire       30%        N/A       2%          3
e - Flame Wave            Conj/Fire      30%        2d9       8%          4
f - Necrotise             Necr           100%       1d9       1%          1
g - Passwall              Tmut/Erth      25%        N/A       1%          2
h - Frozen Ramparts       Ice            60%        1d10      2%          3
i - Ice Form              Ice/Tmut       30%        N/A       8%          4
Your spell library was empty.

Dungeon Overview and Level Annotations

Branches:
Dungeon (6/15)             Temple (0/1) D:5

Altars:
Elyvilon
Gozag
Ru

Shops:
D:1 (   D:3 *

Annotations:
D:4 1 runed translucent door, deadpool521's ghost, novice HOFi
D:5 2 transporters, DiggyJ's ghost, novice HOFi; Maggie
D:6 2 transporters, 2 runed translucent doors, leafyfresh's ghost, novice OpDe


Innate Abilities, Weirdness & Mutations

You are immune to sickness and miasma.
You are immune to poison.
Your flesh is very heat resistant. (rF++)
You are vulnerable to cold. (rC-)
You float through the air rather than walking.
You learn spells naturally, not from books.
Your magical power is your life essence.
You have superior vitality. (+4 MHP)


Message History

Unknown command.
Casting: Scorch (safe; 1% risk of failure)
Confirm with . or Enter, or press ? or * to list all spells.
Flames lash Maggie.
Maggie is burned terribly!
Maggie is moderately wounded.
Maggie hits you with a +0 war axe!
Unknown command.
Casting: Scorch (safe; 1% risk of failure)
Confirm with . or Enter, or press ? or * to list all spells.
Flames lash Maggie.
Maggie is burned terribly!
Maggie is heavily wounded.
Maggie barely misses you.
Unknown command.
Casting: Scorch (safe; 1% risk of failure)
Confirm with . or Enter, or press ? or * to list all spells.
Flames lash Maggie.
Maggie is heavily wounded.
Maggie hits you with a +0 war axe!
Unknown command.
Casting: Scorch (safe; 1% risk of failure)
Confirm with . or Enter, or press ? or * to list all spells.
Flames lash the black bear.
The black bear is moderately wounded.
The black bear's fire resistance burns away.
Maggie points at you and mumbles some strange words.
The bolt of fire hits you. You resist.
* * * LOW HITPOINT WARNING * * *
Maggie hits you with a +0 war axe!
* * * LOW HITPOINT WARNING * * *
You fly upwards.
Level annotation: 2 transporters, DiggyJ's ghost, novice HOFi
There is a stone staircase leading down here.
Unknown command.
Casting: Scorch (safe; 1% risk of failure)
Confirm with . or Enter, or press ? or * to list all spells.
Flames lash Maggie.
Maggie is burned terribly!
Maggie is severely wounded.
* * * LOW HITPOINT WARNING * * *
Maggie hits you with a +0 war axe!
You die...

#........# #........#
#........# #........#
########........#
#...............#
#.#####.##.######
#.#####..#.###
#@@.....~§~..######
#.#....~~§§~.......
#.####§§§§~~§.####. #.#
##§§§§~§~......
#.###.§~§§~~~...##.
############......~~~~~.....#.
#..................~§§..#.....
##.##############..##.........
#.# #.........##.........#...


You could see Maggie (combustible).

Vanquished Creatures
  A hornet (D:5)
  Sigmund (D:2)
  2 ice beasts (D:6)
  A sky beast (D:6)
  An ogre (D:4)
  A centaur (D:4)
  A necrophage (D:6)
  A scorpion (D:5)
  A jelly (D:5)
  A gnoll bouda (D:4)
  6 hounds
  Jessica (D:2)
  2 iguanas
  An orc wizard (D:6)
  4 gnolls (D:4)
  6 adders
  A shadow imp (D:6)
  A white imp (D:5)
  2 ufetubi (D:5)
  A worm (D:3)
  A dart slug (D:3)
  7 orcs
  5 bats
  9 endoplasms
  4 giant cockroaches
  6 goblins
  9 hobgoblins
  4 jackals (D:3)
  4 quokkas
  11 ball pythons
  3 frilled lizards
  7 kobolds
  3 rats
109 creatures vanquished.

Vanquished Creatures (others)
  95 foxfires
95 creatures vanquished.

Grand Total: 204 creatures vanquished

Notes
Turn   | Place    | Note
-------+----------+-------------------------------------------
     0 | D:1      | om the Djinni Fire Elementalist began the quest for the
                  | Orb.
     0 | D:1      | om set off with the following spells memorised: Foxfire,
                  | Scorch, Conjure Flame, Inner Flame, Flame Wave.
     0 | D:1      | Reached XP level 1. HP: 15/15 MP: 0/0
   516 | D:1      | Reached XP level 2. HP: 15/21 MP: 0/0
   817 | D:1      | Reached skill level 3 in Spellcasting
  1019 | D:1      | Found Ullunu's Weapon Shoppe.
  1356 | D:1      | Reached XP level 3. HP: 22/25 MP: 0/0
  1356 | D:1      | Learned a level 1 spell: Necrotise
  2019 | D:2      | Found the +8 storm bow {elec, penet}
  2027 | D:2      | Noticed Jessica
  2029 | D:2      | Reached XP level 4. HP: 26/31 MP: 0/0
  2035 | D:2      | Killed Jessica
  2276 | D:2      | Noticed Sigmund
  2524 | D:2      | Killed Sigmund
  2525 | D:2      | Reached skill level 4 in Spellcasting
  2525 | D:2      | Reached XP level 5. HP: 30/35 MP: 0/0
  2525 | D:2      | Learned a level 2 spell: Passwall
  2525 | D:2      | Reached XP level 6. HP: 35/40 MP: 0/0
  2600 | D:2      | Found a sacrificial altar of Ru.
  3082 | D:3      | Found Wesch's General Store.
  3090 | D:3      | Bought a scroll of fear for 48 gold pieces
  3790 | D:4      | Found a runed translucent door.
  3799 | D:4      | Reached skill level 1 in Fighting
  3799 | D:4      | Reached skill level 5 in Spellcasting
  4138 | D:4      | Found a sacrificial altar of Ru.
  4229 | D:4      | Found a white marble altar of Elyvilon.
  4256 | D:4      | Reached XP level 7. HP: 48/48 MP: 0/0
  4256 | D:4      | Learned a level 3 spell: Frozen Ramparts
  4309 | D:4      | Found an opulent altar of Gozag.
  4509 | D:4      | Noticed deadpool521's ghost (novice HOFi)
  4623 | D:5      | Entered Level 5 of the Dungeon
  4625 | D:5      | Noticed a hornet
  4636 | D:5      | Killed a hornet
  4637 | D:5      | Reached XP level 8. HP: 29/56 MP: 0/0
  4828 | D:5      | Found a staircase to the Ecumenical Temple.
  4841 | D:5      | Found a transporter.
  4846 | D:5      | Noticed DiggyJ's ghost (novice HOFi)
  5120 | D:5      | Reached skill level 6 in Spellcasting
  5125 | D:5      | Found a transporter.
  5612 | D:6      | Noticed a kobold demonologist
  5615 | D:6      | Found a transporter.
  5621 | D:6      | Found a transporter.
  5861 | D:6      | Found a runed translucent door.
  5862 | D:6      | Noticed leafyfresh's ghost (novice OpDe)
  5901 | D:6      | Found a runed translucent door.
  5932 | D:6      | Reached XP level 9. HP: 48/60 MP: 0/0
  5932 | D:6      | Learned a level 4 spell: Ice Form
  5936 | D:6      | Noticed Maggie
  6204 | D:5      | Slain by Maggie

Illustrated notes

Levels and vault maps discovered:
D:1:      dpeg_cavernosity, layout_basic, serial_shops,
          nicolae_shop_competitors_out_of_business
D:2:      layout_loops_cross, basic_altar, uniq_sigmund, uniq_jessica
D:3:      layout_loops_cross, serial_shops, nicolae_shop_crystal,
          grunt_decor_arrowhead
D:4:      layout_gridville, nicolae_elyvilon_peaceful_grove, lemuel_tele_altar,
          kennysheep_mini_moat, ebering_ghost_sewer_d
D:5:      layout_basic, minmay_temple_entry_mist, gammafunk_ghost_stat_death,
          amcnicky_mini_rare_corridor_liquid, grunt_tough_drop
D:6:      gammafunk_wand_slinger, layout_basic, marbit_many_paths,
          ebering_ghost_sewer_f, portal_sewer_entry_f,
          mumra_transporter_accident, uniq_maggie

Skill      XL: |  1  2  3  4  5  6  7  8 |
---------------+-------------------------+-----
Spellcasting   | 3 4 5 6 |  6.5
Dodging        | 3 |  3.0
Stealth        | 2 |  2.0
Fighting       | 1 3 |  3.0
Ranged Weapons | 2 4 |  4.6
Short Blades   | |  0.2

Action                   |  1- 3 |  4- 6 |  7- 9 || total
-------------------------+-------+-------+-------++-------
Melee: Unarmed           |     1 |       |       ||     1
       Dagger            |    19 |       |       ||    19
 Fire: Longbow           |       |    59 |    70 ||   129
 Cast: Foxfire           |    54 |     3 |       ||    57
       Scorch            |     8 |     5 |    23 ||    36
       Flame Wave        |       |     1 |       ||     1
       Necrotise         |       |     1 |       ||     1
  Use: Scroll            |       |     2 |     4 ||     6
       Potion            |       |     2 |     1 ||     3
 Stab: Sleeping          |     2 |       |       ||     2
Armor: Robe              |     3 |     6 |     4 ||    13
Dodge: Dodged            |    16 |    28 |    35 ||    79
